 Dungeon Crawl Stone Soup version 0.31-a0-202-g547052bce9 (webtiles) character file.

Game seed: 8021607685580920886

86 qw the Shooter (level 4, 0/6 (25) HPs)
             Began as a Deep Elf Hunter on June 26, 2023.
             Slain by an orc wizard
             ... wielding a +2 dagger of draining
              (1 damage)
             ... on level 4 of the Dungeon.
             The game lasted 00:00:50 (2497 turns).

qw the Shooter (Deep Elf Hunter)                    Turns: 2497, Time: 00:00:50

HP:   0/6 (25)      AC: 11    Str: 10    XL:     4   Next: 26%
MP:   6/6           EV: 11    Int: 14    God:
Gold: 138           SH:  0    Dex: 18    Spells: 3/3 levels left

rFire   . . .        Y - +0 shortbow
rCold   . . .        (shield currently unavailable)
rNeg    . . .        i - +0 ring mail
rPois   +            (no helmet)
rElec   .            f - +0 cloak
rCorr   .            b - +0 pair of gloves
SInv    .            (no boots)
Will    .....        (no amulet)
Stlth   +            e - ring of poison resistance
HPRegen 0.21/turn    a - +4 ring of protection
MPRegen 0.10/turn

%: no passive effects
@: extremely drained
A: no striking features
a: no special abilities


You were on level 4 of the Dungeon.
You visited 1 branch of the dungeon, and saw 4 of its levels.

You collected 138 gold pieces.


   Skills:
 - Level 1.5 Fighting
 + Level 7.7 Ranged Weapons
 - Level 2.4 Dodging
 - Level 1.2 Stealth


You had 3 spell levels left.
You didn't know any spells.
Your spell library was empty.

Inventory:

Hand Weapons
 Y - a +0 shortbow (weapon)
Armour
 b - a +0 pair of gloves (worn)
 f - a +0 cloak (worn)
 i - a +0 ring mail (worn)
Jewellery
 a - a +4 ring of protection (right hand)
 e - a ring of poison resistance (left hand)
 g - a ring of protection from cold
Scrolls
 h - a scroll of identify
Potions
 c - a potion of ambrosia {unknown}
 d - a potion of magic {unknown}
 k - a potion of invisibility {unknown}

Dungeon Overview and Level Annotations

Branches:
Dungeon (4/15)
 Temple: D:4-7

Altars:
Cheibriados


Message History

You feel less confused. Something hits you but does no damage.
You feel drained.
You shoot an arrow.
The arrow hits the orc but does no damage.
The orc hits you but does no damage.
You hear some strange, mumbled words.
You are confused.
The orc barely misses you. Something hits you but does no damage.
You feel drained. The orc barely misses you.
Something hits you but does no damage.
You feel drained. Something hits you but does no damage.
You feel drained. The orc hits you but does no damage. Something hits you.
You feel drained. The orc barely misses you.
The orc hits you but does no damage. Something hits you but does no damage.
You feel drained. The orc hits you but does no damage.
Something hits you but does no damage.
You feel drained.
You feel less confused. The orc hits you but does no damage.
Something hits you but does no damage.
You feel drained.
You shoot an arrow. The arrow barely misses the orc.
The orc hits you but does no damage. Something hits you.
You feel drained. Something hits you but does no damage.
You feel drained. The orc hits you but does no damage.
You shoot an arrow.
The arrow hits the orc but does no damage.
The orc hits you but does no damage. Something hits you but does no damage.
You feel drained.
You shoot an arrow. The arrow hits the orc!
You kill the orc!
Something hits you but does no damage.
You feel drained.
You shoot an arrow. The arrow hits the orc!
You kill the orc!
Something hits you but does no damage.
You feel drained.
You shoot an arrow. Something hits you.
You feel drained. Something hits you.
Ouch! That really hurt!
You feel drained.
You die...

#.#...<.# #.#
###.######## #.#
#..........# #.#
#..........###.######.
#.....................
#..........##########.
#..........# ...
###'############.####.#
#...........%@{......
##############)######
.# .. .## .. )# ..


There were no monsters in sight!

Vanquished Creatures
  An adder (D:2)
  2 worms (D:3)
  4 orcs
  4 ball pythons
  7 endoplasms
  7 giant cockroaches
  4 hobgoblins
  3 jackals (D:2)
  A quokka (D:2)
  3 bats
  5 frilled lizards
  5 goblins
  7 kobolds
  10 rats
63 creatures vanquished.

Notes
Turn   | Place    | Note
-------+----------+-------------------------------------------
     0 | D:1      | qw the Deep Elf Hunter began the quest for the Orb.
     0 | D:1      | Reached XP level 1. HP: 12/12 MP: 3/3
     0 | D:1      | 0 ||| qw: Version: 0.3-a-22-g0ed2b0b
     0 | D:1      | 0 ||| qw: Game counter: 6182
     0 | D:1      | 0 ||| qw: Melee chars always use a shield: true
     0 | D:1      | 0 ||| qw: God list: Okawaru
     0 | D:1      | 0 ||| qw: Allow faded altars: false
     0 | D:1      | 0 ||| qw: Do Orc after clearing Dungeon:15 true
     0 | D:1      | 0 ||| qw: Do second Lair branch before Depths: true
     0 | D:1      | 0 ||| qw: Lair rune preference: random
     0 | D:1      | 0 ||| qw: Goals: Normal
     0 | D:1      | 0 ||| PLANNING D:1-11
   230 | D:1      | Reached XP level 2. HP: 16/16 MP: 4/4
   231 | D:1      | Reached skill level 6 in Ranged Weapons
   481 | D:1      | Reached XP level 3. HP: 20/20 MP: 5/5
   628 | D:1      | 628 ||| UPGRADING to +0 cloak.
   633 | D:1      | 633 ||| UPGRADING to +0 scale mail.
   643 | D:1      | 643 ||| DROPPING +0 leather armour.
   644 | D:1      | 644 ||| UPGRADING to +0 ring mail.
   654 | D:1      | 654 ||| DROPPING +0 scale mail.
   655 | D:1      | 655 ||| UPGRADING to ring of poison resistance.
   656 | D:1      | 656 ||| READING scroll labelled ZELAELO OZAWAY.
   657 | D:1      | 657 ||| READING scroll labelled GURGHO LAHAOXTY.
   658 | D:1      | 658 ||| DROPPING scroll of butterflies.
   962 | D:2      | Reached skill level 7 in Ranged Weapons
  1367 | D:2      | 1367 ||| UPGRADING to +0 pair of gloves.
  1372 | D:2      | 1372 ||| UPGRADING to ring of protection from cold.
  1373 | D:2      | 1373 ||| READING scroll labelled WONOT MARIFF.
  1374 | D:2      | 1374 ||| READING scroll labelled JEIGEBUSKU.
  1375 | D:2      | 1375 ||| READING scroll labelled ANU XYSERYT.
  1518 | D:3      | Reached XP level 4. HP: 25/25 MP: 6/6
  1578 | D:3      | Found a snail-covered altar of Cheibriados.
  2285 | D:3      | 2285 ||| UPGRADING to +4 ring of protection.
  2287 | D:3      | 2287 ||| READING scroll labelled WUILUYD FIUMUI.
  2288 | D:3      | 2288 ||| READING scroll labelled ULEBRO ZYUCSUQ.
  2497 | D:4      | HP: 1/7 [something (5)]
  2497 | D:4      | Slain by an orc wizard

Levels and vault maps discovered:
D:1:      dpeg_cavernosity, layout_rooms
D:2:      layout_basic, nicolae_the_louvre
D:3:      layout_basic, mainiacjoe_overflow_chevrons
D:4:      layout_basic, serial_shops, shop

Skill      XL: |  1  2  3 |
---------------+----------+-----
Ranged Weapons | 6 7 |  7.7
Fighting       | |  1.5
Dodging        | |  2.4
Stealth        | |  1.2

Action                     |  1- 3 |  4- 6 || total
---------------------------+-------+-------++-------
   Fire: Shortbow          |   129 |    33 ||   162
    Use: Scroll            |     5 |     2 ||     7
 Armour: Leather armour    |     8 |       ||     8
         Ring mail         |    15 |    21 ||    36
  Dodge: Dodged            |    44 |     6 ||    50

Table legend:
 A = Non-vault XP
 B = Vault XP
 C = Vault XP percentage of total XP
 D = Non-vault monster count
 E = Vault monster count
 F = Vault count percentage of total count
                 A         B        C        D         E       F
            +---------+---------+-------+---------+---------+-------
      Total |     118 |       5 |   4.1 |      59 |       4 |   6.3
            +---------+---------+-------+---------+---------+-------
        D:1 |      41 |       5 |  10.9 |      26 |       4 |  13.3
        D:2 |      41 |       0 |   0.0 |      17 |       0 |   0.0
        D:3 |      23 |       0 |   0.0 |      11 |       0 |   0.0
        D:4 |      13 |       0 |   0.0 |       5 |       0 |   0.0
            +---------+---------+-------+---------+---------+-------
